| TOP OF THE 1ST |
|
New Jersey Devils batting - Pitching for York Revolution : RHP Bobby Acevedo
|
|
Pitching: RHP Bobby Acevedo
|
|
|
Batting: RHB Oscar Ramirez
|
0-0: Ball 1-0: Ball 2-0: Ball 3-0: Called Strike 3-1: Base on Balls
|
|
Batting: RHB Duk-yoon Park
|
0-0: Foul Ball, location: 2F 0-1: Ball 1-1: Ball 2-1: Ball 3-1: Called Strike 3-2: SINGLE (Groundball, 25, EV 64.4 MPH) (infield hit) Oscar Ramirez to second
|
|
Batting: RHB Sergio Andrada
|
0-0: Ball 1-0: Foul Ball, location: 2F 1-1: Called Strike 1-2: Strikes out swinging
|
|
Batting: SHB Danny Tapia Jr.
|
0-0: Called Strike 0-1: Called Strike 0-2: Ball 1-2: Ball 2-2: Foul Ball, location: 2F 2-2: Ball 3-2: Foul Ball, location: 2F 3-2: SINGLE (Groundball, 6MS, EV 69.4 MPH) (infield hit) Oscar Ramirez to third Duk-yoon Park to second
|
|
Batting: LHB Mike Bolock
|
0-0: Ball 1-0: Called Strike 1-1: Ball 2-1: Foul Ball, location: 2F 2-2: Fly out, F8 (Flyball, 8LM, EV 91.2 MPH) Runner from 3rd tags up, SCORES, throw by CF
|
|
Batting: RHB Jacob Olander
|
0-0: Fly out, F7 (Flyball, 7LD, EV 93.1 MPH)
|
| Top of the 1st over - 1 run, 2 hits, 0 errors, 2 left on base; New Jersey 1 - York 0 |
| BOTTOM OF THE 1ST |
|
York Revolution batting - Pitching for New Jersey Devils : LHP Adam Howell
|
|
Pitching: LHP Adam Howell
|
|
|
Batting: LHB Quincy Smart
|
0-0: Ball 1-0: Swinging Strike 1-1: Swinging Strike 1-2: Strikes out swinging
|
|
Batting: LHB Mike Hawk
|
0-0: Called Strike 0-1: Foul Ball, location: 2F 0-2: Ball 1-2: Strikes out swinging
|
|
Batting: RHB Dan Shaffer
|
0-0: Ball 1-0: Called Strike 1-1: Ball 2-1: SINGLE (Groundball, 56D, EV 96.2 MPH)
|
|
Batting: RHB Juan Gonzalez
|
0-0: Ball 1-0: Ball 2-0: Called Strike 2-1: Foul Ball, location: 2F 2-2: Fielders Choice at 2nd, 6-4 (Groundball, 6, EV 103.1 MPH)
|
| Bottom of the 1st over - 0 runs, 1 hit, 0 errors, 1 left on base; New Jersey 1 - York 0 |
| TOP OF THE 2ND |
|
New Jersey Devils batting - Pitching for York Revolution : RHP Bobby Acevedo
|
|
Batting: LHB Rodolfo Alvarez
|
0-0: Called Strike 0-1: Foul Ball, location: 2F 0-2: Foul Ball, location: 2F 0-2: Strikes out swinging
|
|
Batting: LHB Jason Miller
|
0-0: Called Strike 0-1: Called Strike 0-2: Ball 1-2: Strikes out swinging
|
|
Batting: RHB Torsten Hodensack
|
0-0: Ball 1-0: Foul Ball, location: 2F 1-1: Reached on error, E6 (Groundball, 6, EV 103.1 MPH)
|
|
Batting: RHB Oscar Ramirez
|
0-0: Ball 1-0: Called Strike 1-1: Ball 2-1: Ground out 4-3 (Groundball, 34S, EV 88.8 MPH)
|
| Top of the 2nd over - 0 runs, 0 hits, 1 error, 1 left on base; New Jersey 1 - York 0 |
| BOTTOM OF THE 2ND |
|
York Revolution batting - Pitching for New Jersey Devils : LHP Adam Howell
|
|
Batting: RHB Alexis Graciani
|
0-0: Foul Ball, location: 2F 0-1: Foul Ball, location: 2F 0-2: SINGLE (Line Drive, 89S, EV 98.1 MPH)
|
|
Batting: LHB Cipto Pakpahan
|
0-0: Grounds into double play, 4-6-3 (Groundball, 4, EV 88.8 MPH)
|
|
Batting: RHB Mike Staunton
|
0-0: Called Strike 0-1: Ball 1-1: Ball 2-1: Ball 3-1: Base on Balls
|
|
Batting: RHB Jonathan Steria
|
0-0: Fly out, F8 (Line Drive, 8LS, EV 91.9 MPH)
|
| Bottom of the 2nd over - 0 runs, 1 hit, 0 errors, 1 left on base; New Jersey 1 - York 0 |
| TOP OF THE 3RD |
|
New Jersey Devils batting - Pitching for York Revolution : RHP Bobby Acevedo
|
|
Batting: RHB Duk-yoon Park
|
0-0: Foul Ball, location: 2F 0-1: Ball 1-1: Ball 2-1: Called Strike 2-2: Ball 3-2: Base on Balls
|
|
Batting: RHB Sergio Andrada
|
0-0: Ball 1-0: Foul Ball, location: 2F 1-1: Ball 2-1: Fly out, F9 (Line Drive, 9, EV 105.0 MPH)
|
|
Batting: SHB Danny Tapia Jr.
|
0-0: Ball 1-0: 2-RUN HOME RUN (Flyball, 89XD, EV 113.1 MPH), Distance : 436 ft
|
|
Batting: LHB Mike Bolock
|
0-0: Called Strike 0-1: Foul Ball, location: 2F 0-2: Strikes out swinging
|
|
Batting: RHB Jacob Olander
|
0-0: Called Strike 0-1: Called Strike 0-2: Ground out 5-3 (Groundball, 56S, EV 85.0 MPH)
|
| Top of the 3rd over - 2 runs, 1 hit, 0 errors, 0 left on base; New Jersey 3 - York 0 |
| BOTTOM OF THE 3RD |
|
York Revolution batting - Pitching for New Jersey Devils : LHP Adam Howell
|
|
Batting: RHB Tim Schell
|
0-0: SINGLE (Line Drive, 8LS, EV 106.9 MPH)
|
|
Batting: LHB Quincy Smart
|
0-0: Ball 1-0: Called Strike 1-1: DOUBLE (Line Drive, 5D, EV 95.0 MPH) Tim Schell to third
|
|
Batting: LHB Mike Hawk
|
0-0: Called Strike 0-1: Foul Ball, location: 2F 0-2: Ball 1-2: Strikes out swinging
|
|
Batting: RHB Dan Shaffer
|
0-0: Swinging Strike 0-1: Swinging Strike 0-2: Ground out 1-3 (Groundball, 34S, EV 73.8 MPH)
|
|
Batting: RHB Juan Gonzalez
|
0-0: 3-RUN HOME RUN (Flyball, 7LD, EV 92.5 MPH), Distance : 332 ft
|
|
Batting: RHB Alexis Graciani
|
0-0: Ball 1-0: Called Strike 1-1: Swinging Strike 1-2: Foul Ball, location: 2F 1-2: Strikes out swinging
|
| Bottom of the 3rd over - 3 runs, 3 hits, 0 errors, 0 left on base; New Jersey 3 - York 3 |
| TOP OF THE 4TH |
|
New Jersey Devils batting - Pitching for York Revolution : RHP Bobby Acevedo
|
|
Batting: LHB Rodolfo Alvarez
|
0-0: Ball 1-0: Fly out, F8 (Flyball, 78D, EV 100.0 MPH)
|
|
Batting: LHB Jason Miller
|
0-0: Ball 1-0: Foul Ball, location: 2F 1-1: Swinging Strike 1-2: Ball 2-2: Ball 3-2: SINGLE (Line Drive, 56D, EV 93.8 MPH)
|
|
Batting: RHB Torsten Hodensack
|
0-0: Ball 1-0: Hit by Pitch Jason Miller to second
|
|
Batting: RHB Oscar Ramirez
|
0-0: Ball Wild Pitch! Jason Miller to third Torsten Hodensack to second 1-0: Ball 2-0: Called Strike 2-1: Ball 3-1: Base on Balls
|
|
Batting: RHB Duk-yoon Park
|
0-0: Fly out, F8 (Flyball, 8RD, EV 88.1 MPH) Runner from 3rd tags up, OUT at HOME! 8-2
|
| Top of the 4th over - 0 runs, 1 hit, 0 errors, 2 left on base; New Jersey 3 - York 3 |
| BOTTOM OF THE 4TH |
|
York Revolution batting - Pitching for New Jersey Devils : LHP Adam Howell
|
|
Batting: LHB Cipto Pakpahan
|
0-0: Swinging Strike 0-1: Ball 1-1: Ball 2-1: Foul Ball, location: 2F 2-2: SINGLE (Groundball, 4M, EV 96.2 MPH) (infield hit)
|
|
Batting: RHB Mike Staunton
|
0-0: Foul Ball, location: 2F 0-1: SINGLE (Flyball, 34D, EV 89.4 MPH) Cipto Pakpahan to second
|
|
Batting: RHB Jonathan Steria
|
0-0: Called Strike 0-1: Called Strike 0-2: Ball 1-2: Ball 2-2: Strikes out looking
|
|
Batting: RHB Tim Schell
|
0-0: Ball 1-0: Ball 2-0: Grounds into double play, 6-4-3 (Groundball, 56, EV 103.1 MPH)
|
| Bottom of the 4th over - 0 runs, 2 hits, 0 errors, 1 left on base; New Jersey 3 - York 3 |
| TOP OF THE 5TH |
|
New Jersey Devils batting - Pitching for York Revolution : RHP Bobby Acevedo
|
|
Batting: RHB Sergio Andrada
|
0-0: Called Strike 0-1: Ball 1-1: DOUBLE (Flyball, 9D, EV 90.0 MPH)
|
|
Pitching: RHP A.J. Newman
|
|
|
Batting: SHB Danny Tapia Jr.
|
0-0: Foul Ball, location: 2F 0-1: Called Strike 0-2: Ground out 6-3 (Groundball, 6, EV 93.8 MPH) Sergio Andrada to third
|
|
Batting: LHB Mike Bolock
|
0-0: Ball 1-0: Called Strike 1-1: Ball 2-1: Foul Ball, location: 2F 2-2: Strikes out swinging
|
|
Batting: RHB Jacob Olander
|
0-0: Ball 1-0: Swinging Strike 1-1: Hit by Pitch
|
|
Batting: LHB Rodolfo Alvarez
|
0-0: 3-RUN HOME RUN (Flyball, 7D, EV 100.0 MPH), Distance : 373 ft
|
|
Batting: LHB Jason Miller
|
0-0: Fly out, F9 (Flyball, 9D, EV 97.5 MPH)
|
| Top of the 5th over - 3 runs, 2 hits, 0 errors, 0 left on base; New Jersey 6 - York 3 |
| BOTTOM OF THE 5TH |
|
York Revolution batting - Pitching for New Jersey Devils : LHP Adam Howell
|
|
Batting: LHB Quincy Smart
|
0-0: Ball 1-0: Called Strike 1-1: Foul Ball, location: 2F 1-2: DOUBLE (Flyball, 8RXD, EV 94.4 MPH)
|
|
Batting: LHB Mike Hawk
|
0-0: Ball 1-0: 2-RUN HOME RUN (Flyball, 9D, EV 101.2 MPH), Distance : 372 ft
|
|
Pitching: LHP Oscar Dominguez
|
|
|
Batting: RHB Dan Shaffer
|
0-0: Called Strike 0-1: Swinging Strike 0-2: Ball 1-2: Strikes out looking
|
|
Batting: RHB Juan Gonzalez
|
0-0: Ball 1-0: Called Strike 1-1: Called Strike 1-2: Strikes out looking
|
|
Batting: RHB Alexis Graciani
|
0-0: Swinging Strike 0-1: Swinging Strike 0-2: Strikes out looking
|
| Bottom of the 5th over - 2 runs, 2 hits, 0 errors, 0 left on base; New Jersey 6 - York 5 |
| TOP OF THE 6TH |
|
New Jersey Devils batting - Pitching for York Revolution : RHP A.J. Newman
|
|
Batting: RHB Torsten Hodensack
|
0-0: Ball 1-0: SINGLE (Line Drive, 9LM, EV 84.4 MPH)
|
|
Batting: RHB Oscar Ramirez
|
0-0: Ball 1-0: Called Strike 1-1: Foul Ball, location: 2F 1-2: Foul Ball, location: 2F 1-2: Foul Ball, location: 2F 1-2: Strikes out swinging
|
|
Batting: RHB Duk-yoon Park
|
0-0: Ball 1-0: Foul Ball, location: 2F 1-1: Swinging Strike 1-2: Foul Ball, location: 2F 1-2: Fielders Choice at 2nd, 4-6 (Groundball, 4, EV 78.8 MPH)
|
|
Batting: RHB Sergio Andrada
|
0-0: Called Strike 0-1: SINGLE (Groundball, 3D, EV 108.1 MPH) Duk-yoon Park to second Runner from 2nd tries for 3rd, SAFE, no throw by RF
|
|
Batting: SHB Danny Tapia Jr.
|
0-0: Ball 1-0: SINGLE (Groundball, 56D, EV 98.8 MPH) Duk-yoon Park scores Sergio Andrada to second Runner from 2nd tries for 3rd, SAFE, no throw by LF
|
|
Batting: LHB Mike Bolock
|
0-0: Ball 1-0: Called Strike 1-1: Ball 2-1: Swinging Strike 2-2: Ball 3-2: Strikes out swinging
|
| Top of the 6th over - 1 run, 3 hits, 0 errors, 2 left on base; New Jersey 7 - York 5 |
| BOTTOM OF THE 6TH |
|
York Revolution batting - Pitching for New Jersey Devils : LHP Oscar Dominguez
|
|
Batting: LHB Cipto Pakpahan
|
0-0: SINGLE (Groundball, 5D, EV 95.6 MPH)
|
|
Batting: RHB Mike Staunton
|
0-0: Ball 1-0: Ball 2-0: Foul Ball, location: 2F 2-1: Swinging Strike 2-2: Ball 3-2: Foul Ball, location: 2F 3-2: Strikes out swinging
|
|
Batting: RHB Jonathan Steria
|
0-0: Fielders Choice at 2nd, 5-4 (Groundball, 5, EV 87.5 MPH)
|
|
Now at 2B: Ted Hickey
|
|
|
Batting: RHB Tim Schell
|
0-0: Called Strike 0-1: Foul Ball, location: 2F 0-2: Strikes out swinging
|
| Bottom of the 6th over - 0 runs, 1 hit, 0 errors, 1 left on base; New Jersey 7 - York 5 |
| TOP OF THE 7TH |
|
New Jersey Devils batting - Pitching for York Revolution : RHP A.J. Newman
|
|
Pitching: RHP Katsushi Endo
|
|
|
Batting: RHB Jacob Olander
|
0-0: Ball 1-0: Called Strike 1-1: Ball 2-1: Fly out, F9 (Flyball, 9S, EV 96.2 MPH)
|
|
Batting: LHB Rodolfo Alvarez
|
0-0: Foul Ball, location: 2F 0-1: Ball 1-1: Swinging Strike 1-2: Foul Ball, location: 2F 1-2: Ground out U3 (Groundball, 3, EV 88.8 MPH)
|
|
Batting: LHB Jason Miller
|
0-0: Fly out, F8 (Flyball, 8LD, EV 92.5 MPH)
|
| Top of the 7th over - 0 runs, 0 hits, 0 errors, 0 left on base; New Jersey 7 - York 5 |
| BOTTOM OF THE 7TH |
|
York Revolution batting - Pitching for New Jersey Devils : LHP Oscar Dominguez
|
|
Batting: LHB Quincy Smart
|
0-0: Called Strike 0-1: Ball 1-1: SINGLE (Groundball, 56D, EV 106.2 MPH) (infield hit)
|
|
Batting: LHB Mike Hawk
|
0-0: Foul Ball, location: 2F 0-1: Ball 1-1: Ball 2-1: Ball 3-1: Base on Balls Quincy Smart to second
|
|
Batting: RHB Dan Shaffer
|
0-0: Called Strike 0-1: Foul Ball, location: 2F 0-2: Strikes out swinging
|
|
Batting: RHB Juan Gonzalez
|
0-0: Ball 1-0: Swinging Strike 1-1: Ball 2-1: Swinging Strike 2-2: Strikes out swinging
|
|
Batting: RHB Alexis Graciani
|
0-0: Called Strike 0-1: Swinging Strike 0-2: Strikes out swinging
|
| Bottom of the 7th over - 0 runs, 1 hit, 0 errors, 2 left on base; New Jersey 7 - York 5 |
| TOP OF THE 8TH |
|
New Jersey Devils batting - Pitching for York Revolution : RHP Katsushi Endo
|
|
Pinch Hitting: LHB John Stokes
|
0-0: Ball 1-0: Ball 2-0: SINGLE (Line Drive, 78M, EV 96.9 MPH)
|
|
Batting: RHB Oscar Ramirez
|
0-0: Sac Bunt to 23 - play at first, batter OUT! 3-4 John Stokes to second
|
|
Batting: RHB Duk-yoon Park
|
0-0: Ball 1-0: Called Strike 1-1: Ball Wild Pitch! John Stokes to third 2-1: Ball 3-1: Foul Ball, location: 2F 3-2: Foul Ball, location: 2F 3-2: Base on Balls
|
|
Batting: RHB Sergio Andrada
|
0-0: Ball 1-0: 3-RUN HOME RUN (Flyball, 7D, EV 95.6 MPH), Distance : 359 ft
|
|
Pitching: RHP Edgar Garza
|
|
|
Batting: SHB Danny Tapia Jr.
|
0-0: Called Strike 0-1: Foul Ball, location: 2F 0-2: Ball 1-2: Ball 2-2: Foul Ball, location: 2F 2-2: Foul Ball, location: 2F 2-2: Ball 3-2: Foul Ball, location: 2F 3-2: Base on Balls
|
|
Batting: RHB Ted Hickey
|
0-0: Called Strike 0-1: Swinging Strike 0-2: Ball 1-2: Strikes out looking
|
|
Batting: RHB Jacob Olander
|
0-0: Called Strike 0-1: Called Strike 0-2: Ball 1-2: Strikes out swinging
|
| Top of the 8th over - 3 runs, 2 hits, 0 errors, 1 left on base; New Jersey 10 - York 5 |
| BOTTOM OF THE 8TH |
|
York Revolution batting - Pitching for New Jersey Devils : LHP Oscar Dominguez
|
|
Now at 3B: Matt Reynolds
|
|
|
Batting: LHB Cipto Pakpahan
|
0-0: Fly out, F7 (Flyball, 78S, EV 91.2 MPH)
|
|
Batting: RHB Mike Staunton
|
0-0: Ball 1-0: SINGLE (Line Drive, 9S, EV 94.4 MPH)
|
|
Pitching: RHP Joachim Marot
|
|
|
Pinch Hitting: LHB Skyler Bright
|
0-0: Ball 1-0: Grounds into double play, 4-6-3 (Groundball, 4, EV 88.8 MPH)
|
| Bottom of the 8th over - 0 runs, 1 hit, 0 errors, 0 left on base; New Jersey 10 - York 5 |
| TOP OF THE 9TH |
|
New Jersey Devils batting - Pitching for York Revolution : RHP Edgar Garza
|
|
Now in CF: Skyler Bright
|
|
|
Pinch Hitting: SHB Adonis Jones
|
0-0: Ball 1-0: Swinging Strike 1-1: Ball 2-1: Foul Ball, location: 2F 2-2: Foul Ball, location: 2F 2-2: Foul Ball, location: 2F 2-2: Foul Ball, location: 2F 2-2: Ball 3-2: Foul Ball, location: 2F 3-2: Ground out 4-3 (Groundball, 4, EV 89.4 MPH)
|
|
Pinch Hitting: RHB John Carpenter
|
0-0: Called Strike 0-1: Called Strike 0-2: Fly out, F7 (Line Drive, 78M, EV 104.4 MPH)
|
|
Batting: LHB Matt Reynolds
|
0-0: Swinging Strike 0-1: Ball 1-1: Swinging Strike 1-2: Foul Ball, location: 2F 1-2: Strikes out swinging
|
| Top of the 9th over - 0 runs, 0 hits, 0 errors, 0 left on base; New Jersey 10 - York 5 |
| BOTTOM OF THE 9TH |
|
York Revolution batting - Pitching for New Jersey Devils : RHP Joachim Marot
|
|
Now at 1B: Carlos Saldivar
|
|
|
Now in LF: Ernesto Mazas
|
|
|
Batting: RHB Tim Schell
|
0-0: Ground out 6-3 (Groundball, 6M, EV 87.5 MPH)
|
|
Batting: LHB Quincy Smart
|
0-0: Foul Ball, location: 2F 0-1: Ball 1-1: Swinging Strike 1-2: Foul Ball, location: 2F 1-2: Ball 2-2: Foul Ball, location: 2F 2-2: Strikes out swinging
|
|
Batting: LHB Mike Hawk
|
0-0: SINGLE (Groundball, 34D, EV 97.5 MPH)
|
|
Batting: RHB Dan Shaffer
|
0-0: Fly out, F6 (Popup, 6MD, EV 59.4 MPH)
|
| Bottom of the 9th over - 0 runs, 1 hit, 0 errors, 1 left on base; New Jersey 10 - York 5 |
|